 Dungeon Crawl Stone Soup version 0.21-a0-216-g6d3fd91 (webtiles) character file.

338532 MackTheKnife the Black Belt (level 20, -7/243 HPs)
             Began as a Centaur Monk on Aug 22, 2017.
             Was the Champion of Jiyva.
             Blown up by Boris (46 damage)
             ... with a wavering orb of destruction
             ... on level 1 of the Crypt on Aug 23, 2017.
             The game lasted 01:58:21 (41584 turns).

MackTheKnife the Black Belt (Centaur Monk)         Turns: 41584, Time: 01:58:22

Health: -7/243     AC: 30    Str: 13    XL:     20   Next: 65%
Magic:  24/30      EV: 10    Int: 18    God:    Jiyva [******]
Gold:   1375       SH: 11    Dex: 20    Spells: 20/33 levels left

rFire    . . .     SeeInvis .     - Unarmed
rCold    . . .     Gourm    .   j - +0 buckler "Vuehet" {Int+5}
rNeg     + . .     Faith    .   (armour currently unavailable)
rPois    ∞         Spirit   .   (no helmet)
rElec    +         Reflect  +   f - +2 cloak {MR+}
rCorr    +         Harm     .   (gloves currently unavailable)
MR       +++..                  (no barding)
Stlth    ++........             R - +5 amulet of reflection
HPRegen  0.50/turn              o - ring of Ceveopp {+Fly Slay+5}
MPRegen  0.22/turn              T - ring of protection from magic {MR+, !d}

@: about to teleport, statue-form, slowed, drained, very slow
A: hooves 3, clever 1, deformed body, pseudopods 2, jelly absorbing missiles
}: 3/15 runes: decaying, slimy, gossamer
a: End Transformation, Request Jelly, Slimify, Cure Bad Mutation, Renounce
Religion, Evoke Flight


You were on level 1 of the Crypt.
You worshipped Jiyva.
Jiyva was exalted by your worship.
You were very full.
You were a stone statue.
You visited 9 branches of the dungeon, and saw 44 of its levels.
You also visited: Labyrinth, Volcano and Wizlab.

You collected 3468 gold pieces.
You spent 2093 gold pieces at shops.

Inventory:

Armour
 d - a +0 centaur barding (melded)
   (You found it on level 1 of the Crypt)
 e - a scarf of cloud immunity
   (You found it on level 1 of the Dungeon)
 f - a +2 cloak of magic resistance (worn)
   (You took it off Crazy Yiuf on level 6 of the Dungeon)
 j - the +0 buckler "Vuehet" (worn) {Int+5}
   (You found it on level 4 of the Dungeon)

   It affects your intelligence (+5).
 m - a scarf of repulsion
   (You found it on level 7 of the Dungeon)
 t - a +2 helmet
   (You found it on level 11 of the Dungeon)
 S - the +2 pair of gloves of Neje (melded) {rF++}
   (You bought it in a shop on level 2 of the Orcish Mines)

   It greatly protects you from fire.
 Y - the +1 robe of the Quahog (melded) {+Blink rPois MR- Int+3}
   (You took it off a deep elf annihilator on level 3 of the Elven Halls)

   It affects your intelligence (+3).
   It protects you from poison.
   It affects your resistance to hostile enchantments.
   It lets you blink.
Magical Staves
 u - an uncursed staff of earth
   (You found it in a labyrinth)
Jewellery
 o - the ring of Ceveopp (left hand) {+Fly Slay+5}
   (You took it off a deep elf demonologist on level 3 of the Elven Halls)

   [ring of flight]

   It affects your accuracy and damage with ranged weapons and melee attacks
   (+5).
   It lets you fly.
 B - an uncursed ring of see invisible {sInv, !d}
   (You found it on level 9 of the Dungeon)
 E - the ring "Cank" {rF+ rN+ MR- Stlth+}
   (You found it on level 3 of the Elven Halls)

   [ring of stealth]

   It protects you from fire.
   It protects you from negative energy.
   It affects your resistance to hostile enchantments.
   It makes you more stealthy.
 H - an uncursed ring of wizardry {Wiz+, !d}
   (You found it on level 1 of the Swamp)
 R - a +5 amulet of reflection (around neck)
   (You took it off an orc warrior on level 3 of the Vaults)
 T - a ring of protection from magic (right hand) {MR+, !d}
   (You bought it in a shop on level 2 of the Orcish Mines)
 Z - an uncursed ring of protection from cold {rC+, !d}
   (You found it on level 2 of the Swamp)
Wands
 v - a wand of lightning (3/15)
   (You found it on level 8 of the Dungeon)
 z - a wand of confusion (3/48)
   (You found it on level 4 of the Spider Nest)
 K - a wand of paralysis (3/24)
   (You found it on level 3 of the Lair of Beasts)
 M - a wand of iceblast (1/15)
   (You found it on level 4 of the Spider Nest)
 P - a wand of disintegration (7/24)
   (You found it on level 6 of the Lair of Beasts)
 U - a wand of disintegration (13/24)
   (You took it off a vault sentinel on level 3 of the Vaults)
Scrolls
 h - a scroll of silence
 i - a scroll of fog
 k - 8 scrolls of teleportation
 n - a scroll of holy word {!r}
 s - 4 scrolls of recharging
 y - 7 scrolls of remove curse
 F - a scroll of magic mapping {!r}
 G - 5 scrolls of enchant armour
 V - a scroll of blinking {!r}
Potions
 a - 3 potions of heal wounds
 g - 6 potions of curing
 l - 2 potions of berserk rage {!q}
 p - 4 potions of cancellation
 q - a potion of magic
 A - 6 potions of haste
 D - 5 potions of flight
 J - 4 potions of might
 L - 3 potions of brilliance
 N - 2 potions of resistance
 O - 4 potions of agility
 Q - a potion of ambrosia
 W - 2 potions of mutation {!q}
Miscellaneous
 r - a phial of floods
   (You found it on level 3 of the Elven Halls)
 w - 2 boxes of beasts
 I - a lamp of fire
   (You found it on level 6 of the Lair of Beasts)
 X - a lightning rod (4/4)
   (You found it on level 1 of the Swamp)
Comestibles
 b - 9 bread rations {@e1}
 c - 7 meat rations {@e2}
 x - 25 royal jellies
 C - 4 fruits


   Skills:
 + Level 17.8(17.4) Fighting
 - Level 8.2(7.9) Armour
 - Level 2.1(1.9) Dodging
 - Level 1.1(0.8) Stealth
 - Level 5.8(5.5) Shields
 - Level 18.0(17.6) Unarmed Combat
 - Level 7.0(6.7) Spellcasting
 - Level 4.0(3.7) Charms
 - Level 4.2(3.9) Necromancy
 - Level 5.3(5.0) Translocations
 - Level 13.1(12.7) Transmutations
 - Level 13.2(12.8) Earth Magic
 - Level 9.0(8.7) Evocations


You had 20 spell levels left.
You knew the following spells:

 Your Spells              Type           Power        Failure   Level  Hunger
a - Statue Form           Tmut/Erth      ######...    9%          6    #######
b - Blink                 Tloc           N/A          1%          2    None
r - Regeneration          Chrm/Necr      ###.......   7%          3    ##.....
s - Shroud of Golubria    Chrm/Tloc      ###.......   2%          2    None


Dungeon Overview and Level Annotations

Branches:
Dungeon (15/15)            Temple (0/1) D:4            Lair (6/6) D:11
  Swamp (4/4) Lair:4       Spider (4/4) Lair:2        Slime (5/5) Lair:5
    Orc (2/2) D:9             Elf (3/3) Orc:2        Vaults (4/5) D:14
  Crypt (1/3) Vaults:3     Depths (0/5) D:15

Altars:
Dithmenos
Gozag
Kikubaaqudgha
Okawaru
Qazlal
Sif Muna
Trog
Uskayaw
Xom
The Shining One
Beogh
Jiyva

Shops:
D:5 [   D:6 }   D:8 [   D:11 (   D:14 *   Orc:2 [[[=:   Elf:1 [?   Elf:3 :

Annotations:
Slime:5 Royal Jelly
Elf:2 3 runed doors
Crypt:1 Boris


Innate Abilities, Weirdness & Mutations

You have hooves in place of feet.
Armour fits poorly on your strangely shaped body.
((You cover ground very quickly.))
((You have extremely tough skin. (AC +3)))
((You are partially covered in icy blue scales. (AC +2)))
Your mind is acute. (Int +2)
Armour fits poorly on your large pseudopods.
You have a small jelly attached to you that may absorb incoming projectiles.


Message History

You regained 2 hp, and now have 134/243 hp.
You now have 26/30 mp.
You regained 3 hp, and now have 137/243 hp.
You regained 2 hp, and now have 139/243 hp.
You regained 2 hp, and now have 141/243 hp.
An eidolon comes into view.
You regained 2 hp, and now have 143/243 hp.
A jiangshi comes into view.
An ogre zombie comes into view.
You regained 3 hp, and now have 146/243 hp. 2 phantasmal warriors come into view.
You regained 2 hp, and now have 148/243 hp.
Your transformation is almost over.
Your skin is crawling a little less now.
You block the jiangshi's attack. x2; The phantasmal warrior blinks!
A jiangshi comes into view.
You regained 2 hp, and now have 150/243 hp.
You barely miss the jiangshi.
The eidolon gives a chilling moan.
Your kick misses the jiangshi.
The jiangshi claws you but does no damage.
The jiangshi claws you.
A rat zombie comes into view.
You take 2 damage, and have 148/243 hp.
You punch the jiangshi! You block the jiangshi's attack.
The jiangshi claws you but does no damage.
The phantasmal warrior blinks!
You block the jiangshi's attack.
The jiangshi claws you but does no damage.
You punch the jiangshi! Your kick misses the jiangshi.
You block the jiangshi's attack.
The jiangshi claws you but does no damage.
The phantasmal warrior hits you but does no damage.
You regained 2 hp, and now have 151/243 hp.
The jiangshi closely misses you.
The jiangshi claws you but does no damage.
The phantasmal warrior blinks!
Something hits you but does no damage.
Something touches you but does no damage.
You regained 2 hp, and now have 153/243 hp.
Your skin stops crawling.
The jiangshi claws you but does no damage. x2
The phantasmal warrior blinks!
The jiangshi closely misses you. The jiangshi claws you!
You block the phantasmal warrior's attack.
Something hits you but does no damage.
Something touches you but does no damage.
The phantasmal warrior blinks!
You take 6 damage, and have 147/243 hp.
MP restored: 30 Unknown command.
You pummel the phantasmal warrior!! You kick the phantasmal warrior!
You revert to your normal fleshy form.
The +2 pair of gloves of Neje {rF++} unmelds from your body.
Your +0 centaur barding unmelds from your body.
The +1 robe of the Quahog {+Blink rPois MR- Int+3} unmelds from your body.
You block the jiangshi's attack. The jiangshi completely misses you.
The jiangshi claws you!
The jiangshi draws strength from your injuries!
The jiangshi claws you.
The jiangshi draws strength from your injuries!
You block the phantasmal warrior's attack.
You block the eidolon's attack.
The eidolon hits you but does no damage.
Something hits you. Something touches you!
You now have 81/187 hp.
You turn into a living statue of rough stone.
The +2 pair of gloves of Neje {rF++} melds into your body.
Your +0 centaur barding melds into your body.
The +1 robe of the Quahog {+Blink rPois MR- Int+3} melds into your body.
The jiangshi claws you! The jiangshi claws you.
The jiangshi claws you but does no damage.
You block the jiangshi's attack.
The phantasmal warrior hits you but does no damage.
The eidolon barely misses you.
The eidolon hits you but does no damage.
You hear some strange, mumbled words.
An iron shot appears from out of thin air!
The iron shot hits you!
The phantasmal warrior blinks!
You now have 78/243 hp.
Unknown command.
You pound the phantasmal warrior into fine dust!!!
You destroy the phantasmal warrior!
The jiangshi claws you but does no damage. x2
The jiangshi completely misses you. You block the jiangshi's attack.
You block the eidolon's attack. x2
You hear some strange, mumbled words.
A bolt of cold appears from out of thin air!
The bolt of cold hits you!
* * * LOW HITPOINT WARNING * * *
You take 35 damage, and have 43/243 hp.
Okay, then.
As you read the scroll of teleportation, it crumbles to dust.
You feel strangely unstable. The eidolon hits you.
* * * LOW HITPOINT WARNING * * *
The eidolon drains your vigour!
You feel yourself slow down.
The eidolon hits you but does no damage.
Something conjures a glowing orb.
The wavering orb of destruction weakly hits you!
You die...

.# ###........#
.......#.##### #
#..........# .#
#.......Z..### ##.##
.......##....# .....
.........#...## .§....
.......#.###W.##......
...#####.###VZ........
.. #...8{#.W......
#.....#WV##......
...######W.#...... .
##Z# #### ... ....
..... ..... ......


You could see an eidolon, 2 jiangshi, 2 phantasmal warriors, a rat zombie and an
ogre zombie.

Vanquished Creatures
  Mara (Vaults:3)
  An ancient lich (WizLab)
  Arachne (Spider:4)
  Jorgrun (Vaults:3)
  2 deep elf master archers (Elf:3)
  A tentacled monstrosity (Vaults:4)
  A titan (Vaults:4)
  Gastronok (D:10)
  4 thorn hunters
  2 ancient champions (WizLab)
  A storm dragon (Vaults:4)
  3 tengu reavers
  9 vault wardens
  A deep elf sorcerer (Vaults:1)
  A curse skull (Crypt:1)
  3 emperor scorpions
  An orc warlord (Vaults:3)
  6 ghost moths
  4 deep elf elementalists (Elf:3)
  A stone giant (Vaults:3)
  5 very ugly things
  15 ironheart preservers
  3 entropy weavers
  4 deep elf demonologists
  4 deep elf annihilators (Elf:3)
  2 spark wasps
  5 deep elf death magi
  Sonja (Lair:3)
  A minotaur (Lab)
  2 fire dragons
  A crystal guardian (Vaults:4)
  An eidolon (Crypt:1)
  4 jiangshi (Crypt:1)
  4 yaktaur captains (Vaults:1)
  11 ogre magi
  6 hydras
  A deep elf high priest (Elf:3)
  2 vault guards (Vaults:1)
  Harold (D:10)
  2 rakshasas (Vaults:3)
  3 ice dragons
  32 two-headed ogres
  9 dancing weapons
  4 centaur warriors
  4 death knights
  5 alligators
  2 deep troll earth magi (Vaults:1)
  6 death yaks
  3 deep troll shamans
  3 vampire magi (Crypt:1)
  2 orc high priests (Orc:2)
  A storm dragon zombie (Vaults:4)
  7 deep elf knights
  Nergalle (D:10)
  2 shadow wraiths
  8 skeletal warriors (WizLab)
  6 unseen horrors
  19 deep trolls
  2 spriggan druids (Swamp:4)
  2 shambling mangroves
  4 swamp dragons
  11 ironbrand convokers
  A lindwurm (Lair:6)
  2 wolf spider zombies
  A phantasmal warrior (Crypt:1)
  13 deep elf archers
  A wizard (D:14)
  20 orc knights
  A stone giant zombie (Vaults:3)
  4 necromancers
  21 wolf spiders
  A salamander (shapeshifter) (D:15)
  2 manticores (D:15)
  2 orc sorcerers (Orc:2)
  4 salamanders
  A cyclops (shapeshifter) (Elf:1)
  28 ugly things
  A tengu skeleton (Vaults:4)
  20 orb spiders
  5 cyclopes
  47 deep elf magi
  A moth of wrath (shapeshifter) (Elf:1)
  A sphinx skeleton (Vaults:2)
  3 large abominations (Elf:1)
  Joseph (D:10)
  A fire giant skeleton (Vaults:2)
  7 elephants
  A frost giant skeleton (Vaults:4)
  3 moths of wrath
  4 centaur zombies
  8 vault sentinels
  2 black mambas
  A spiny frog (shapeshifter) (Vaults:3)
  A torpor snail (Spider:4)
  A purple draconian zombie (Crypt:1)
  14 spiny frogs
  5 komodo dragons
  13 demonic crawlers
  8 freezing wraiths
  A rime drake (Lair:1)
  A redback zombie (D:15)
  33 yaktaurs
  29 jumping spiders
  2 polar bears (Lair:2)
  4 tyrant leeches
  6 trolls
  23 hornets
  A queen bee (Lair:3)
  A sphinx simulacrum (Vaults:3)
  A blink frog (Lair:3)
  6 bog bodies
  11 hippogriffs
  2 meliai zombies
  A frost giant simulacrum (Vaults:3)
  23 tarantellas
  53 redbacks
  10 spriggans
  4 shadows
  47 yaks
  5 vampires
  6 flying skulls (Crypt:1)
  A water elemental (Elf:1)
  6 wraiths
  3 wyverns
  9 fire bats (Volcano)
  A fire elemental (Elf:2)
  A yak (shapeshifter) (Vaults:4)
  9 hungry ghosts
  2 basilisks
  A human simulacrum (Vaults:1)
  3 swamp worm simulacra (Swamp:4)
  2 steam dragons (Volcano)
  22 swamp worms
  18 vampire mosquitoes
  A deep troll zombie (Vaults:2)
  3 insubstantial wisps (Swamp:1)
  7 two-headed ogre zombies (WizLab)
  16 hydra simulacra (Swamp:4)
  5 wargs
  A deep troll skeleton (Vaults:4)
  15 water moccasins
  7 porcupines
  6 swamp drakes
  6 ice beasts
  39 orc warriors
  3 sky beasts
  A black bear (Lair:5)
  An orc zombie (Vaults:2)
  2 phantoms
  2 wolves (Lair:5)
  5 centaurs
  25 ogres
  2 boggarts (Vaults:2)
  A dream sheep skeleton (Crypt:1)
  16 crocodiles
  2 elf zombies (Elf:1)
  A salamander zombie (Crypt:1)
  2 human zombies
  A wyvern zombie (D:12)
  Blork the orc (D:6)
  13 bullfrogs
  An elf skeleton (Crypt:1)
  An earth elemental (Elf:1)
  A scorpion (D:5)
  7 troll zombies (WizLab)
  34 killer bees
  17 wights
  2 electric eels
  5 crimson imps
  A bullfrog zombie (D:12)
  25 orc priests
  Crazy Yiuf (D:6)
  2 hounds
  26 orc wizards
  2 bullfrog skeletons
  4 centaur skeletons
  Natasha (D:4)
  2 iguanas
  2 hell rats (Lair:2)
  6 worker ants
  5 ogre zombies (WizLab)
  A hound skeleton (D:7)
  4 gnolls (D:10)
  A howler monkey skeleton (D:10)
  16 adders
  10 river rats (Lair:2)
  3 shadow imps
  4 swamp drake simulacra (Swamp:4)
  A worm zombie (Crypt:1)
  5 worms
  2 dart slugs
  2 leopard geckos (D:7)
  73 orcs
  6 bats
  A giant cockroach (D:1)
  13 goblins
  12 hobgoblins
  18 jackals
  A quokka (D:3)
  2 ball pythons
  5 frilled lizards
  A gnoll skeleton (Crypt:1)
  7 kobolds
  13 rats
  4 briar patches
1388 creatures vanquished.

Vanquished Creatures (others)
  A deep elf blademaster (Elf:3)
  The ghost of Leszczynek the Brawler, an adept TrSk of Ashenzari (Slime:5)
  An acid blob (Elf:3)
  A great orb of eyes (Vaults:1)
  4 azure jellies
  2 deep elf sorcerers (Elf:3)
  A deep elf elementalist (Elf:3)
  An ironheart preserver (Vaults:2)
  A deep elf demonologist (Elf:3)
  A rakshasa (Vaults:2)
  A two-headed ogre (D:15)
  2 deep elf knights
  An unseen horror (D:14)
  An ironbrand convoker (Vaults:1)
  3 orc knights (Vaults:3)
  3 deep elf archers (Elf:3)
  2 orb spiders
  8 deep elf magi
  5 wolf spiders
  A shining eye (Slime:5)
  2 manticores (Lair:6)
  An orc sorcerer (Orc:2)
  A cyclops (D:15)
  An elephant (D:11)
  A vault sentinel (Vaults:3)
  A centaur zombie (D:12)
  2 spiny frogs
  A kobold demonologist (D:14)
  A troll (D:12)
  2 jumping spiders (Spider:2)
  17 slime creatures
  A blink frog (Lair:3)
  A hippogriff (D:11)
  An air elemental (Elf:3)
  4 redbacks
  A water elemental (Elf:1)
  4 tarantellas
  A fire bat (Volcano)
  10 yaks
  A hog (shapeshifter) (D:15)
  A golden eye (Slime:5)
  A basilisk (D:11)
  2 vampire mosquitoes (D:12)
  A swamp worm (Swamp:1)
  A swamp worm simulacrum (Swamp:4)
  3 water moccasins
  10 orc warriors
  3 porcupines
  A black bear (D:11)
  A swamp drake (Swamp:3)
  2 ogres
  A human zombie (Vaults:2)
  3 boggarts
  A centaur (D:7)
  2 crocodiles
  A bullfrog (Lair:3)
  A scorpion (D:5)
  A killer bee (D:11)
  5 electric eels
  A howler monkey (D:5)
  A hound (D:4)
  A quasit (D:14)
  3 centaur skeletons
  230 jellies
  8 orc priests
  3 orc wizards
  Natasha (D:4)
  2 worker ants
  A worker ant zombie (D:10)
  A shadow imp (D:13)
  An ooze (D:8)
  A worm (Swamp:1)
  A leopard gecko (D:10)
  23 orcs
  3 jackals (D:10)
  A quokka skeleton (D:5)
  A bush (D:5)
  A butterfly (Lair:4)
  13 fungi
  21 plants
454 creatures vanquished.

Grand Total: 1842 creatures vanquished

Notes
Turn   | Place    | Note
-------+----------+-------------------------------------------
     0 | D:1      | MackTheKnife the Centaur Monk began the quest for the Orb.
     0 | D:1      | Reached XP level 1. HP: 19/19 MP: 1/1
   249 | D:1      | HP: 4/19 [kobold (4)]
   257 | D:1      | HP: 1/19 [kobold (3)]
   259 | D:1      | Reached XP level 2. HP: 2/26 MP: 2/2
   678 | D:1      | Reached skill level 4 in Unarmed Combat
   824 | D:1      | Reached XP level 3. HP: 18/31 MP: 3/3
  1645 | D:2      | HP: 7/31 [poisoned by an adder]
  1651 | D:2      | HP: 7/31 [poisoned by an adder]
  1656 | D:2      | HP: 6/31 [poisoned by an adder]
  1661 | D:1      | HP: 5/31 [poisoned by an adder]
  1923 | D:1      | Reached skill level 5 in Unarmed Combat
  1923 | D:1      | Reached XP level 4. HP: 38/38 MP: 4/4
  2488 | D:3      | Reached XP level 5. HP: 21/45 MP: 5/5
  2795 | D:3      | Noticed a two-headed ogre
  3046 | D:3      | Found a faded altar of an unknown god.
  3085 | D:3      | Became a worshipper of Jiyva Jeahyic the Shapeless
  3085 | D:3      | Reached * piety under Jiyva
  3085 | D:3      | Reached ** piety under Jiyva
  3341 | D:3      | Reached *** piety under Jiyva
  3370 | D:4      | Reached skill level 6 in Unarmed Combat
  3425 | D:4      | Found a hide-covered altar of Uskayaw.
  3426 | D:4      | Found an opulent altar of Gozag.
  3429 | D:4      | Found a shimmering altar of Xom.
  3431 | D:4      | Found an iron altar of Okawaru.
  3431 | D:4      | Found a glowing golden altar of the Shining One.
  3432 | D:4      | Found an ancient bone altar of Kikubaaqudgha.
  3432 | D:4      | Found a shadowy altar of Dithmenos.
  3433 | D:4      | Found a stormy altar of Qazlal.
  3515 | D:4      | Got a shimmering buckler
  3535 | D:4      | Reached XP level 6. HP: 36/51 MP: 4/6
  3615 | D:4      | Gained mutation: You are covered in slimy tendrils that may disarm your opponents. [Jiyva's grace]
  3699 | D:4      | Found a staircase to the Ecumenical Temple.
  3726 | D:4      | Noticed Natasha
  3736 | D:4      | Killed Natasha
  3736 | D:4      | Reached skill level 7 in Unarmed Combat
  3951 | D:4      | Noticed Natasha
  3955 | D:4      | Killed Natasha
  4025 | D:5      | Entered Level 5 of the Dungeon
  4336 | D:5      | Found Wompoimp's Antique Armour Shop.
  4413 | D:5      | Reached skill level 8 in Unarmed Combat
  4413 | D:5      | Reached XP level 7. HP: 24/57 MP: 3/7
  4417 | D:5      | Reached **** piety under Jiyva
  4465 | D:5      | Noticed a troll
  4545 | D:5      | Gained mutation: You have a small jelly attached to you that may absorb incoming projectiles. [Jiyva's grace]
  4709 | D:5      | Reached ***** piety under Jiyva
  4715 | D:5      | Identified the +0 buckler "Vuehet" {Int+5} (You found it on level 4 of the Dungeon)
  4845 | D:5      | Killed a troll
  4845 | D:5      | Reached skill level 4 in Fighting
  5355 | D:6      | Noticed Blork the orc
  5366 | D:6      | Killed Blork the orc
  5366 | D:6      | Reached skill level 5 in Fighting
  5488 | D:6      | Found a runed door.
  5492 | D:6      | Noticed Crazy Yiuf
  5510 | D:6      | Killed Crazy Yiuf
  5624 | D:6      | Lost mutation: You are covered in slimy tendrils that may disarm your opponents. [Jiyva's grace]
  5745 | D:6      | Gained mutation: You are partially covered in iridescent scales. (AC +2) [Jiyva's grace]
  5786 | D:6      | Found Luffejom's Quality Used Wands.
  5894 | D:6      | Reached skill level 6 in Fighting
  6002 | D:6      | Reached XP level 8. HP: 56/71 MP: 6/8
  6163 | D:7      | Reached skill level 7 in Fighting
  6477 | D:7      | Gained mutation: Your body has grown golden eyes which may confuse attackers. (Acc +3) [Jiyva's grace]
  6530 | D:7      | Reached skill level 9 in Unarmed Combat
  6615 | D:7      | Found a shadowy altar of Dithmenos.
  6941 | D:7      | Reached ****** piety under Jiyva
  7074 | D:5      | Bought a polished scale mail for 243 gold pieces
  7084 | D:5      | Identified the +5 scale mail of Least Resistance {-Cast rF++ Str+4} (You bought it in a shop on level 5 of the Dungeon)
  7313 | D:8      | Found Adghin's Armour Emporium.
  7361 | D:8      | Noticed a hippogriff
  7369 | D:8      | Killed a hippogriff
  7462 | D:8      | Noticed a two-headed ogre
  7469 | D:8      | Slimified a two-headed ogre
  7469 | D:8      | Noticed an azure jelly
  7469 | D:8      | a two-headed ogre changed into an azure jelly
  7478 | D:8      | Gained mutation: You are somewhat resistant to further mutation. [Jiyva's grace]
  7520 | D:8      | Noticed a slime creature
  7520 | D:8      | an orc warrior changed into a slime creature
  7745 | D:9      | Reached skill level 10 in Unarmed Combat
  7800 | D:9      | Gained mutation: You have acidic saliva. [Jiyva's grace]
  7924 | D:9      | Reached XP level 9. HP: 77/79 MP: 9/9
  7938 | D:9      | Reached skill level 11 in Unarmed Combat
  8038 | D:9      | Gained mutation: You have a somewhat thin skeletal structure. (Dex +2, Stealth) [Jiyva's grace]
  8111 | D:9      | Noticed a troll
  8134 | D:9      | Killed a troll
  8191 | D:9      | Noticed a two-headed ogre
  8200 | D:9      | Killed a two-headed ogre
  8200 | D:9      | Reached skill level 12 in Unarmed Combat
  8243 | D:9      | Lost mutation: You are somewhat resistant to further mutation. [Jiyva's grace]
  8283 | D:9      | Reached XP level 10. HP: 44/88 MP: 6/10
  8297 | D:9      | Gained mutation: Your rubbery body absorbs attacks. (AC +1, EV +1) [Jiyva's grace]
  8325 | D:9      | Reached skill level 8 in Fighting
  8416 | D:9      | Found a staircase to the Orcish Mines.
  8434 | D:9      | Lost mutation: Your rubbery body absorbs attacks. (AC +1, EV +1) [Jiyva's grace]
  8670 | D:10     | Entered Level 10 of the Dungeon
  8671 | D:10     | Noticed Harold
  8683 | D:10     | Killed Harold
  8683 | D:10     | Reached skill level 9 in Fighting
  8733 | D:10     | Reached skill level 10 in Fighting
  8772 | D:10     | Noticed Gastronok
  8800 | D:10     | Killed Gastronok
  8800 | D:10     | Reached skill level 11 in Fighting
  8849 | D:10     | Noticed Joseph
  8858 | D:10     | Killed Joseph
  8858 | D:10     | Reached XP level 11. HP: 94/104 MP: 11/11
  8984 | D:10     | Noticed Nergalle
  8995 | D:10     | Killed Nergalle
  8995 | D:10     | Lost mutation: You are partially covered in iridescent scales. (AC +2) [Jiyva's grace]
  9055 | D:10     | Reached skill level 12 in Fighting
  9154 | D:10     | Gained mutation: You evolve. [Jiyva's grace]
  9155 | D:10     | Noticed an unseen horror
  9163 | D:10     | Killed an unseen horror
  9163 | D:10     | Reached skill level 1 in Armour
  9393 | D:10     | Found a bloodstained altar of Trog.
  9439 | D:10     | Lost mutation: You have a small jelly attached to you that may absorb incoming projectiles. [potion of mutation]
  9439 | D:10     | Lost mutation: Your body has grown golden eyes which may confuse attackers. (Acc +3) [potion of mutation]
  9439 | D:10     | Lost mutation: You have acidic saliva. [potion of mutation]
  9439 | D:10     | Gained mutation: You are resistant to hostile enchantments. (MR+) [potion of mutation]
  9439 | D:10     | Gained mutation: Your mind is acute. (Int +2) [potion of mutation]
  9513 | D:11     | Reached skill level 2 in Armour
  9697 | D:11     | Gained mutation: You possess an exceptional clarity of mind. [evolution]
  9721 | D:11     | Reached skill level 3 in Armour
  9726 | D:11     | Gained mutation: Armour fits poorly on your pseudopods. [Jiyva's grace]
  9955 | D:11     | Noticed a green ugly thing
  9962 | D:11     | Noticed a red ugly thing
  9963 | D:11     | Killed a green ugly thing
  9971 | D:11     | Slimified a red ugly thing
  9971 | D:11     | Noticed an acid blob
  9971 | D:11     | a red ugly thing changed into an acid blob
  9989 | D:11     | Found a staircase to the Lair.
 10006 | Lair:1   | Entered Level 1 of the Lair of Beasts
 10015 | Lair:1   | Reached skill level 4 in Armour
 10473 | Lair:1   | Reached skill level 5 in Armour
 10499 | Lair:1   | Reached skill level 1 in Shields
 10905 | Lair:1   | Noticed a seven-headed hydra
 10914 | Lair:1   | Slimified a seven-headed hydra
 10914 | Lair:1   | Noticed an azure jelly
 10914 | Lair:1   | a seven-headed hydra changed into an azure jelly
 11144 | Lair:2   | Reached skill level 13 in Unarmed Combat
 11233 | Lair:2   | Noticed an orb spider
 11236 | Lair:2   | Found a hole to the Spider Nest.
 11352 | Lair:2   | Gained mutation: You are partially covered in icy blue scales. (AC +2) [Jiyva's grace]
 11473 | Lair:2   | Gained mutation: You are partially covered in large bone plates. (SH +4) [Jiyva's grace]
 11665 | Lair:2   | Reached XP level 12. HP: 102/112 MP: 12/12
 11731 | Lair:2   | Reached skill level 14 in Unarmed Combat
 11801 | Lair:2   | Noticed Urug
 11806 | Lair:2   | Slimified Urug
 11806 | Lair:2   | Noticed Urug
 11806 | Lair:2   | Urug changed into Urug the slime creature
 12399 | Lair:3   | Gained mutation: You are covered in fur. (AC +1) [evolution]
 12399 | Lair:3   | Lost mutation: You evolve. [end of evolution]
 12671 | Lair:3   | Gained mutation: Your translucent skin slightly reduces your foes' accuracy. (Stealth) [Jiyva's grace]
 12956 | Lair:3   | Noticed Sonja
 12960 | Lair:3   | HP: 25/112 [asphyx]
 12965 | Lair:3   | HP: 18/112 [poisoned by Sonja (curare-tipped needle)]
 12976 | Lair:3   | HP: 24/112 [asphyx]
 12979 | Lair:3   | HP: 9/112 [Sonja/uncursed short sword of distortion (21)]
 13435 | Lair:3   | Noticed a seven-headed hydra
 13523 | Lair:3   | Killed Sonja
 13559 | Lair:4   | Reached skill level 15 in Unarmed Combat
 13833 | Lair:4   | Gained mutation: You are covered in slimy tendrils that may disarm your opponents. [Jiyva's grace]
 13872 | Lair:4   | Noticed a four-headed hydra
 13885 | Lair:4   | Killed a four-headed hydra
 13914 | Lair:4   | Reached skill level 13 in Fighting
 13954 | Lair:4   | Found a staircase to the Swamp.
 14124 | Lair:4   | Noticed a death yak
 14126 | Lair:4   | Noticed a death yak
 14151 | Lair:4   | Killed a death yak
 14152 | Lair:4   | Noticed a death yak
 14161 | Lair:4   | Noticed a death yak
 14176 | Lair:4   | Killed a death yak
 14183 | Lair:4   | Killed a death yak
 14194 | Lair:4   | Killed a death yak
 14880 | Lair:5   | Lost mutation: You are covered in fur. (AC +1) [Jiyva's grace]
 15033 | Lair:5   | Found a staircase to the Slime Pits.
 15033 | Lair:5   | Found a viscous altar of Jiyva.
 15056 | Slime:1  | Entered Level 1 of the Pits of Slime
 15079 | Slime:3  | Noticed an acid blob
 15116 | Slime:5  | Entered Level 5 of the Pits of Slime
 15121 | Slime:5  | Noticed an acid blob
 15125 | Slime:5  | Noticed an acid blob
 15133 | Slime:5  | Noticed the Royal Jelly
 15133 | Slime:5  | Noticed Leszczynek's ghost (adept TrSk)
 15134 | Slime:5  | Noticed an acid blob
 15134 | Slime:5  | Found a viscous altar of Jiyva.
 15134 | Slime:5  | Noticed a great orb of eyes
 15135 | Slime:5  | Noticed an acid blob
 15136 | Slime:5  | Noticed an azure jelly
 15138 | Slime:5  | Noticed an acid blob
 15138 | Slime:5  | Gained mutation: Your translucent skin reduces your foes' accuracy. (Stealth) [Jiyva's grace]
 15143 | Slime:5  | Gained mutation: You have acidic saliva. [Jiyva's grace]
 15147 | Slime:5  | Got a slimy rune of Zot
 15147 | Slime:5  | Gained mutation: You are robust. (+10% HP) [Jiyva's grace]
 15167 | Slime:5  | Lost mutation: Your translucent skin reduces your foes' accuracy. (Stealth) [Jiyva's grace]
 15204 | Slime:5  | Noticed an azure jelly
 15208 | Slime:5  | Noticed a great orb of eyes
 15245 | Slime:5  | Killed Leszczynek's ghost
 15245 | Slime:5  | Reached skill level 14 in Fighting
 15248 | Slime:5  | Identified the Compendium of Blistering Confrontation
 15341 | Lair:5   | Reached skill level 1 in Evocations
 15360 | Lair:5   | Reached skill level 2 in Evocations
 15360 | Lair:5   | Reached XP level 13. HP: 135/136 MP: 14/14
 15750 | Lair:5   | Reached skill level 3 in Evocations
 15755 | Lair:5   | Noticed an azure jelly
 15755 | Lair:5   | an eight-headed hydra changed into an azure jelly
 16098 | Lair:6   | Entered Level 6 of the Lair of Beasts
 16152 | Lair:6   | Noticed an acid blob
 16152 | Lair:6   | a five-headed hydra changed into an acid blob
 16152 | Lair:6   | Lost mutation: Your mind is acute. (Int +2) [Jiyva's grace]
 16194 | Lair:6   | Reached skill level 4 in Evocations
 16230 | Lair:6   | Reached skill level 5 in Evocations
 16290 | Lair:6   | Gained mutation: Your body has grown golden eyes which may confuse attackers. (Acc +3) [Jiyva's grace]
 16315 | Lair:6   | Found a dark tunnel.
 16367 | Volcano  | Entered a volcano
 16401 | Volcano  | Reached skill level 6 in Evocations
 16473 | Volcano  | Reached skill level 7 in Evocations
 16545 | Volcano  | Noticed a fire dragon
 16555 | Volcano  | Killed a fire dragon
 16568 | Volcano  | Lost mutation: You are resistant to hostile enchantments. (MR+) [Jiyva's grace]
 16665 | Lair:6   | Reached skill level 8 in Evocations
 16668 | Lair:6   | Noticed an azure jelly
 16668 | Lair:6   | a death yak changed into an azure jelly
 16679 | Lair:6   | Noticed an azure jelly
 16679 | Lair:6   | a death yak changed into an azure jelly
 16704 | Lair:6   | Noticed an acid blob
 16704 | Lair:6   | a catoblepas changed into an acid blob
 16772 | Lair:6   | Noticed an azure jelly
 16772 | Lair:6   | a catoblepas changed into an azure jelly
 16781 | Lair:6   | Ladykiller69: you are very good at punching
 16791 | Lair:6   | MackTheKnife: It's what I do!
 16791 | Lair:6   | MackTheKnife: Rocky is my role model
 16905 | Lair:6   | Reached skill level 9 in Evocations
 16916 | Lair:6   | Gained mutation: You have a pair of small horns on your head. [Jiyva's grace]
 17388 | Orc:1    | Entered Level 1 of the Orcish Mines
 17389 | Orc:1    | MackTheKnife: Also this is why faded altar is the best.
 17540 | Orc:2    | Entered Level 2 of the Orcish Mines
 17540 | Orc:2    | Found a staircase to the Elven Halls.
 17540 | Orc:2    | Found Kienoitt's Armour Emporium.
 17796 | Orc:2    | Found a roughly hewn altar of Beogh.
 18175 | Orc:2    | Noticed an azure jelly
 18175 | Orc:2    | an orc knight changed into an azure jelly
 18181 | Orc:2    | Gained mutation: Your natural rate of healing is unusually fast. [Jiyva's grace]
 18213 | Orc:2    | Gained mutation: Your mind is acute. (Int +2) [Jiyva's grace]
 18232 | Orc:2    | Found Ymijaemu's Book Shoppe.
 18232 | Orc:2    | Found Piutak's Antique Armour Shoppe.
 18236 | Orc:2    | Found Qytepif's Jewellery Shop.
 18236 | Orc:2    | Found Luosaefe's Antique Armour Shop.
 18236 | Orc:2    | Lost mutation: You have a pair of small horns on your head. [Jiyva's grace]
 18269 | Orc:2    | Bought a pair of spiked gloves for 285 gold pieces
 18274 | Orc:2    | Identified the +2 pair of gloves of Neje {rF++} (You bought it in a shop on level 2 of the Orcish Mines)
 18274 | Orc:2    | MackTheKnife: wow
 18274 | Orc:2    | Ladykiller69: damn
 18274 | Orc:2    | Bought a distressingly furry plate armour for 840 gold pieces
 18284 | Orc:2    | Identified the +2 plate armour "Xetipn" {rC- Str+3 Int+4} (You bought it in a shop on level 2 of the Orcish Mines)
 18297 | Orc:2    | Ladykiller69: all the rF
 18299 | Orc:2    | MackTheKnife: But nothing else :)
 18303 | Orc:2    | Ladykiller69: rush gehenna
 18307 | Orc:2    | MackTheKnife: Hahaha
 18307 | Orc:2    | MackTheKnife: I once did that actually
 18307 | Orc:2    | MackTheKnife: hold on
 18307 | Orc:2    | Ladykiller69: obvious solution
 18307 | Orc:2    | MackTheKnife: http://i.imgur.com/WMmFLBJ.jpg
 18307 | Orc:2    | MackTheKnife: Skipped lair and went straight for geh
 18307 | Orc:2    | MackTheKnife: fun times
 18357 | Orc:2    | Lost mutation: You have a somewhat thin skeletal structure. (Dex +2, Stealth) [Jiyva's grace]
 18368 | Orc:2    | Bought an uncursed ring of protection from magic for 350 gold pieces
 18403 | Orc:1    | Noticed Fannar
 18405 | Orc:1    | Ladykiller69: I have never skipped lair in my life
 18412 | Orc:1    | Slimified Fannar
 18412 | Orc:1    | Noticed Fannar
 18412 | Orc:1    | Fannar changed into Fannar the azure jelly
 18415 | Orc:1    | Lost mutation: Armour fits poorly on your pseudopods. [Jiyva's grace]
 18431 | Orc:1    | Reached XP level 14. HP: 138/146 MP: 20/20
 18553 | Orc:1    | Gained mutation: Your system is resistant to poisons. (rPois) [Jiyva's grace]
 18614 | Orc:1    | MackTheKnife: Well, it's a stupid thing to do
 18700 | Elf:1    | Entered Level 1 of the Elven Halls
 18837 | Elf:1    | Lost mutation: Your translucent skin slightly reduces your foes' accuracy. (Stealth) [Jiyva's grace]
 18867 | Elf:1    | Found Suseor's Magic Scroll Emporium.
 18871 | Elf:1    | Bought a scroll of enchant armour for 97 gold pieces
 18871 | Elf:1    | Bought a scroll of enchant armour for 97 gold pieces
 18871 | Elf:1    | Bought a scroll of magic mapping for 45 gold pieces
 18871 | Elf:1    | Found Itunerch's Armour Shoppe.
 18886 | Elf:1    | Got an ichor-stained scale mail
 19060 | Elf:1    | Gained mutation: Your muscles are strong. (Str +2) [Jiyva's grace]
 19070 | Elf:1    | Reached skill level 15 in Fighting
 19084 | Elf:1    | Reached skill level 16 in Unarmed Combat
 19262 | Elf:1    | Gained mutation: Your flesh is heat resistant. (rF+) [Jiyva's grace]
 19356 | Elf:1    | Noticed an acid blob
 19356 | Elf:1    | a deep elf archer changed into an acid blob
 19458 | Elf:1    | Ladykiller69: *brave
 19458 | Elf:1    | MackTheKnife: Elf:1 is usually fine
 19458 | Elf:1    | MackTheKnife: MR+++ too
 19472 | Elf:1    | Noticed an azure jelly
 19472 | Elf:1    | a deep elf death mage changed into an azure jelly
 19481 | Elf:1    | Identified the Disquisition on Evil Rituals
 19556 | Elf:1    | Ladykiller69: elf 2 also if you dont go diving for blades
 19557 | Elf:1    | Noticed an acid blob
 19557 | Elf:1    | a deep elf knight changed into an acid blob
 19560 | Elf:1    | Noticed an azure jelly
 19560 | Elf:1    | a deep elf knight changed into an azure jelly
 19802 | Elf:1    | Lost mutation: You are partially covered in icy blue scales. (AC +2) [Jiyva's grace]
 20296 | D:11     | Found Komm's Antique Weapon Shop.
 20596 | D:12     | Noticed an azure jelly
 20596 | D:12     | a cyan ugly thing changed into an azure jelly
 20607 | D:12     | Found a deep blue altar of Sif Muna.
 20607 | D:12     | Gained mutation: Armour fits poorly on your pseudopods. [Jiyva's grace]
 20627 | D:12     | Found a labyrinth entrance.
 20631 | Lab      | Entered a labyrinth
 20798 | Lab      | Reached skill level 6 in Armour
 20871 | Lab      | Identified the +0 scale mail "Kimyicw" {MR+} (You found it on level 1 of the Elven Halls)
 20886 | Lab      | Identified the Reference Book on Clay
 20892 | Lab      | Got a jewelled shortbow
 20932 | D:12     | Learned a level 6 spell: Statue Form
 20935 | D:12     | Learned a level 2 spell: Shroud of Golubria
 21061 | D:12     | Learned a level 3 spell: Regeneration
 21703 | D:13     | Reached skill level 7 in Armour
 21720 | D:13     | Found a roughly hewn altar of Beogh.
 21750 | D:13     | Lost mutation: You possess an exceptional clarity of mind. [Jiyva's grace]
 21803 | D:13     | Lost mutation: Your mind is acute. (Int +2) [Jiyva's grace]
 21871 | D:13     | Gained mutation: Your mind is acute. (Int +2) [Jiyva's grace]
 22232 | D:14     | Found Beto's Blood Bar.
 22232 | D:14     | Lost mutation: Your body has grown golden eyes which may confuse attackers. (Acc +3) [Jiyva's grace]
 22338 | D:14     | Reached XP level 15. HP: 155/155 MP: 21/21
 22492 | D:14     | Reached skill level 8 in Armour
 22497 | D:14     | Found a gate to the Vaults.
 22567 | D:14     | Lost mutation: Armour fits poorly on your pseudopods. [Jiyva's grace]
 22689 | D:15     | Entered Level 15 of the Dungeon
 22950 | D:15     | Found a staircase to the Depths.
 23056 | D:15     | Reached skill level 17 in Unarmed Combat
 23084 | D:15     | Identified a scroll of acquirement
 23085 | D:15     | Got a pair of ichor-stained gloves
 23096 | D:15     | Identified the +1 pair of gloves of Vuxt {rPois rF++} (You acquired it on level 15 of the Dungeon)
 23247 | D:15     | Gained mutation: You are resistant to hostile enchantments. (MR+) [Jiyva's grace]
 23737 | D:15     | Upgraded the game from 0.21-a0-215-g0631661 to 0.21-a0-216-g6d3fd91
 23832 | D:13     | Gained mutation: You have sharp fingernails. [Jiyva's grace]
 23964 | Swamp:1  | Entered Level 1 of the Swamp
 24152 | Swamp:1  | Gained mutation: Your mind is very acute. (Int +4) [Jiyva's grace]
 24307 | Swamp:1  | Got a faintly glowing battleaxe
 24998 | Swamp:2  | Reached skill level 18 in Unarmed Combat
 25330 | Swamp:2  | Gained mutation: You have a small jelly attached to you that may absorb incoming projectiles. [Jiyva's grace]
 25360 | Swamp:3  | Reached skill level 1 in Earth Magic
 25429 | Swamp:3  | Reached skill level 1 in Transmutations
 25497 | Swamp:3  | Noticed a thorn hunter
 25511 | Swamp:3  | Killed a thorn hunter
 25574 | Swamp:3  | Reached skill level 2 in Transmutations
 25574 | Swamp:3  | Reached skill level 2 in Earth Magic
 25647 | Swamp:3  | Noticed a thorn hunter
 25658 | Swamp:3  | Killed a thorn hunter
 25825 | Swamp:3  | Reached skill level 3 in Transmutations
 25825 | Swamp:3  | Reached skill level 3 in Earth Magic
 26063 | Swamp:3  | Learned a level 2 spell: Blink
 26111 | Swamp:3  | Got an iridescent spear
 26181 | Swamp:4  | Entered Level 4 of the Swamp
 26257 | Swamp:4  | Reached skill level 4 in Earth Magic
 26293 | Swamp:4  | Reached skill level 4 in Transmutations
 26388 | Swamp:4  | Reached XP level 16. HP: 157/163 MP: 22/22
 26414 | Swamp:4  | Noticed a thorn hunter
 26418 | Swamp:4  | Lost mutation: Your flesh is heat resistant. (rF+) [Jiyva's grace]
 26427 | Swamp:4  | Killed a thorn hunter
 26564 | Swamp:4  | Reached skill level 5 in Transmutations
 26568 | Swamp:4  | Reached skill level 5 in Earth Magic
 26570 | Swamp:4  | Lost mutation: You are resistant to hostile enchantments. (MR+) [Jiyva's grace]
 26960 | Swamp:4  | Noticed a thorn hunter
 26976 | Swamp:4  | HP: 37/163 [spiny frog (9)]
 26977 | Swamp:4  | HP: 10/163 [thorn hunter/volley of thorns (15)]
 26982 | Swamp:4  | Killed a thorn hunter
 26982 | Swamp:4  | HP: 33/163 [spiny frog (9)]
 27587 | Swamp:4  | Got a decaying rune of Zot
 27819 | Spider:1 | Entered Level 1 of the Spider Nest
 27829 | Lair:2   | Reached skill level 6 in Transmutations
 27831 | Lair:2   | Reached skill level 6 in Earth Magic
 27851 | Lair:2   | HP: 39/163 [wolf spider (15)]
 28341 | Spider:1 | Gained mutation: Armour fits poorly on your pseudopods. [Jiyva's grace]
 28554 | Spider:1 | Gained mutation: You are very robust. (+20% HP) [Jiyva's grace]
 28584 | Spider:2 | Reached skill level 7 in Transmutations
 28609 | Spider:2 | Reached skill level 7 in Earth Magic
 28762 | Spider:2 | Gained mutation: You heal very quickly. [Jiyva's grace]
 29302 | Spider:2 | Reached skill level 8 in Transmutations
 29399 | Spider:2 | Reached skill level 8 in Earth Magic
 29581 | Spider:2 | HP: 43/178 [poisoned by a redback]
 29581 | Spider:2 | HP: 19/178 [demonic crawler (6)]
 29592 | Spider:2 | Reached skill level 1 in Spellcasting
 29843 | Spider:3 | Reached skill level 2 in Spellcasting
 29851 | Spider:3 | Gained mutation: Your body has grown golden eyes which may confuse attackers. (Acc +3) [Jiyva's grace]
 29906 | Spider:3 | Reached skill level 3 in Spellcasting
 29916 | Spider:3 | Lost mutation: You have a small jelly attached to you that may absorb incoming projectiles. [Jiyva's grace]
 29958 | Spider:3 | Identified the Guide on Lucky Sinister Secrets
 30199 | Spider:3 | Reached skill level 4 in Spellcasting
 30284 | Spider:3 | Lost mutation: You heal very quickly. [Jiyva's grace]
 30287 | Spider:4 | Entered Level 4 of the Spider Nest
 30356 | Spider:4 | Reached skill level 2 in Shields
 30383 | Spider:4 | Reached XP level 17. HP: 187/187 MP: 23/23
 30529 | Spider:4 | Reached skill level 3 in Shields
 30703 | Spider:4 | Reached skill level 4 in Shields
 30787 | Spider:4 | Lost mutation: You are very robust. (+20% HP) [Jiyva's grace]
 30990 | Spider:4 | Reached skill level 5 in Shields
 31111 | Spider:4 | Noticed Arachne
 31131 | Spider:4 | Killed Arachne
 31551 | Spider:4 | Reached skill level 5 in Spellcasting
 31572 | Spider:4 | Lost mutation: Your body has grown golden eyes which may confuse attackers. (Acc +3) [Jiyva's grace]
 31604 | Spider:4 | Got a gossamer rune of Zot
 31950 | Orc:2    | Bought an embroidered robe for 136 gold pieces
 32190 | Elf:2    | Found a runed gate.
 32190 | Elf:2    | Found a runed gate.
 32201 | Elf:2    | Found a runed gate.
 32278 | Elf:2    | Lost mutation: You have acidic saliva. [Jiyva's grace]
 32690 | Elf:2    | Gained mutation: Your spells are a little harder to cast, but a little more powerful. [Jiyva's grace]
 32753 | Elf:3    | Entered Level 3 of the Elven Halls
 32815 | Elf:3    | Reached skill level 9 in Transmutations
 32921 | Elf:3    | Reached skill level 9 in Earth Magic
 33152 | Elf:3    | Gained mutation: Armour fits poorly on your large pseudopods. [Jiyva's grace]
 33334 | Elf:3    | Got a wizard robe
 33338 | Elf:3    | Found Biohe's One-of-a-Kind Books.
 33460 | Elf:3    | Gained mutation: Your body has grown golden eyes which may confuse attackers. (Acc +3) [Jiyva's grace]
 33922 | Elf:3    | Noticed an acid blob
 33922 | Elf:3    | a deep elf high priest changed into an acid blob
 33936 | Elf:3    | Noticed an acid blob
 33936 | Elf:3    | a deep elf sorcerer changed into an acid blob
 33936 | Elf:3    | Gained mutation: You evolve. [Jiyva's grace]
 33981 | Elf:3    | Got a brightly glowing platinum ring
 33997 | Elf:2    | Identified the +1 robe of the Quahog {+Blink rPois MR- Int+3} (You took it off a deep elf annihilator on level 3 of the Elven Halls)
 33999 | Elf:2    | Identified the ring "Cank" {rF+ rN+ MR- Stlth+} (You found it on level 3 of the Elven Halls)
 34061 | Elf:3    | Noticed an acid blob
 34061 | Elf:3    | a deep elf demonologist changed into an acid blob
 34062 | Elf:3    | Gained mutation: You are partially covered in icy blue scales. (AC +2) [Jiyva's grace]
 34072 | Elf:3    | Noticed a deep elf master archer
 34085 | Elf:3    | Killed a deep elf master archer
 34085 | Elf:3    | Reached skill level 10 in Transmutations
 34112 | Elf:3    | Noticed a Hell Sentinel
 34114 | Elf:3    | Noticed a Tzitzimitl
 34160 | Elf:3    | Noticed a Tzitzimitl
 34226 | Elf:3    | Reached skill level 10 in Earth Magic
 34232 | Elf:3    | Got a glittering ivory ring
 34234 | Elf:3    | Identified the ring of Ceveopp {+Fly Slay+5} (You took it off a deep elf demonologist on level 3 of the Elven Halls)
 34246 | Elf:3    | Noticed a deep elf master archer
 34258 | Elf:3    | Killed a deep elf master archer
 34258 | Elf:3    | Reached XP level 18. HP: 66/179 MP: 10/25
 34472 | Elf:3    | Gained mutation: You have a small jelly attached to you that senses nearby items. [Jiyva's grace]
 34491 | Elf:3    | Got a brightly glowing leather armour
 34512 | Elf:3    | Lost mutation: You evolve. [Jiyva's grace]
 34543 | Elf:3    | Lost mutation: Your spells are a little harder to cast, but a little more powerful. [Jiyva's grace]
 34565 | Elf:3    | Lost mutation: Your mind is very acute. (Int +4) [Jiyva's grace]
 34818 | Vaults:1 | Entered Level 1 of the Vaults
 34919 | Vaults:1 | Lost mutation: Your natural rate of healing is unusually fast. [Jiyva's grace]
 34983 | Vaults:1 | Reached skill level 11 in Earth Magic
 34989 | Vaults:1 | Reached skill level 11 in Transmutations
 35031 | Vaults:1 | Found a magical portal.
 35033 | Vaults:1 | Lost mutation: Your body has grown golden eyes which may confuse attackers. (Acc +3) [Jiyva's grace]
 35037 | WizLab   | Entered Zonguldrok's Shrine
 35600 | WizLab   | Gained mutation: You have a small jelly attached to you that may absorb incoming projectiles. [Jiyva's grace]
 35810 | WizLab   | Noticed an antique lich
 35819 | WizLab   | Killed an antique lich
 35822 | WizLab   | Found the +9 sword of Zonguldrok {reap}
 35888 | WizLab   | Identified the +2 leather armour "Viamatem" {MR+} (You found it on level 3 of the Elven Halls)
 35937 | Vaults:1 | Gained mutation: Your flesh is cold resistant. (rC+) [Jiyva's grace]
 36058 | Vaults:1 | Reached skill level 12 in Earth Magic
 36176 | Vaults:1 | Reached skill level 12 in Transmutations
 36187 | Vaults:1 | Lost mutation: You are covered in slimy tendrils that may disarm your opponents. [Jiyva's grace]
 36433 | Vaults:1 | Gained mutation: You have a pair of small antennae on your head. [Jiyva's grace]
 36448 | Vaults:1 | Noticed a Hell Sentinel
 36474 | Vaults:1 | Lost mutation: You have a pair of small antennae on your head. [Jiyva's grace]
 37072 | Vaults:1 | Reached XP level 19. HP: 187/187 MP: 15/26
 37113 | Vaults:1 | Gained mutation: You are covered in slimy tendrils that may disarm your opponents. [Jiyva's grace]
 37246 | Vaults:1 | Gained mutation: Your flesh is heat resistant. (rF+) [Jiyva's grace]
 37312 | Vaults:1 | Reached skill level 13 in Earth Magic
 37410 | Vaults:1 | Reached skill level 13 in Transmutations
 37442 | Vaults:1 | Gained mutation: You have acidic saliva. [Jiyva's grace]
 37637 | Vaults:2 | Noticed Sojobo
 37645 | Vaults:2 | Slimified Sojobo
 37645 | Vaults:2 | Noticed Sojobo
 37645 | Vaults:2 | Sojobo changed into Sojobo the acid blob
 37651 | Vaults:2 | Gained mutation: You are mostly covered in icy blue scales. (AC +3) [Jiyva's grace]
 37714 | Vaults:2 | Reached skill level 1 in Necromancy
 37715 | Vaults:2 | Reached skill level 1 in Charms
 37831 | Vaults:2 | Lost mutation: Your muscles are strong. (Str +2) [Jiyva's grace]
 37852 | Vaults:2 | Got a faintly glowing chain mail
 38025 | Vaults:2 | Reached skill level 2 in Necromancy
 38048 | Vaults:2 | Reached skill level 2 in Charms
 38279 | Vaults:2 | Reached skill level 3 in Necromancy
 38302 | Vaults:2 | Lost mutation: You have a small jelly attached to you that senses nearby items. [Jiyva's grace]
 38333 | Vaults:2 | Reached skill level 3 in Charms
 38385 | Vaults:2 | Lost mutation: You have acidic saliva. [Jiyva's grace]
 38433 | Vaults:2 | Gained mutation: You are very robust. (+20% HP) [Jiyva's grace]
 38814 | Vaults:3 | Reached skill level 4 in Necromancy
 39094 | Vaults:3 | Reached skill level 4 in Charms
 39281 | Vaults:3 | Lost mutation: You are very robust. (+20% HP) [Jiyva's grace]
 39302 | Vaults:3 | Reached skill level 6 in Spellcasting
 39371 | Vaults:3 | Lost mutation: Your mind is acute. (Int +2) [Jiyva's grace]
 39373 | Vaults:3 | Found a staircase to the Crypt.
 39377 | Vaults:3 | Lost mutation: You have a small jelly attached to you that may absorb incoming projectiles. [Jiyva's grace]
 39448 | Vaults:3 | Reached skill level 7 in Spellcasting
 39449 | Vaults:3 | Found a roughly hewn altar of Beogh.
 39452 | Vaults:3 | Lost mutation: Your flesh is heat resistant. (rF+) [Jiyva's grace]
 39541 | Vaults:3 | Gained mutation: You are very robust. (+20% HP) [Jiyva's grace]
 39626 | Vaults:3 | Lost mutation: You are covered in slimy tendrils that may disarm your opponents. [Jiyva's grace]
 39628 | Vaults:3 | Got a bloodstained arbalest
 39722 | Vaults:3 | Lost mutation: You are very robust. (+20% HP) [Jiyva's grace]
 39731 | Vaults:3 | Reached skill level 1 in Translocations
 39741 | Vaults:3 | Lost mutation: You are partially covered in large bone plates. (SH +4) [Jiyva's grace]
 39742 | Vaults:3 | Lost mutation: You are robust. (+10% HP) [Jiyva's grace]
 39752 | Vaults:3 | Gained mutation: Scrolls take you a little longer to read. [Jiyva's grace]
 39801 | Vaults:3 | Reached skill level 2 in Translocations
 39810 | Vaults:3 | Reached skill level 3 in Translocations
 39871 | Vaults:3 | Reached skill level 4 in Translocations
 39890 | Vaults:3 | Got a faintly glowing leather armour
 39899 | Vaults:3 | Gained mutation: Your mind is acute. (Int +2) [Jiyva's grace]
 39964 | Vaults:3 | Gained mutation: You are clumsy. (Dex -2) [Jiyva's grace]
 39965 | Vaults:3 | Lost mutation: Scrolls take you a little longer to read. [Jiyva's power]
 39966 | Vaults:3 | Lost mutation: You are clumsy. (Dex -2) [Jiyva's power]
 40055 | Vaults:4 | Reached XP level 20. HP: 179/179 MP: 22/30
 40061 | Vaults:4 | Reached skill level 5 in Translocations
 40164 | Vaults:4 | Lost mutation: Your flesh is cold resistant. (rC+) [Jiyva's grace]
 40267 | Vaults:4 | Gained mutation: Your muscles are strong. (Str +2) [Jiyva's grace]
 40378 | Vaults:4 | Reached skill level 16 in Fighting
 40391 | Vaults:4 | Lost mutation: Your muscles are strong. (Str +2) [Jiyva's grace]
 40440 | Vaults:4 | Gained mutation: You have a beak for a mouth. [Jiyva's grace]
 40520 | Vaults:4 | Lost mutation: Your system is resistant to poisons. (rPois) [Jiyva's grace]
 40533 | Vaults:4 | Lost mutation: You are mostly covered in icy blue scales. (AC +3) [Jiyva's grace]
 40789 | Vaults:4 | Lost mutation: You have a beak for a mouth. [Jiyva's grace]
 40798 | Vaults:4 | Reached skill level 17 in Fighting
 41071 | Vaults:4 | Lost mutation: You have sharp fingernails. [Jiyva's grace]
 41137 | Crypt:1  | Entered Level 1 of the Crypt
 41137 | Crypt:1  | Noticed Mara
 41141 | Crypt:1  | Noticed MackTheKnife's illusion
 41155 | Vaults:3 | Killed Mara
 41173 | Crypt:1  | Noticed Jorgrun
 41191 | Vaults:3 | Killed Jorgrun
 41520 | Crypt:1  | Gained mutation: You have a small jelly attached to you that may absorb incoming projectiles. [Jiyva's grace]
 41555 | Crypt:1  | Noticed Boris
 41583 | Crypt:1  | HP: 43/243 [something/bolt of cold (35)]
 41584 | Crypt:1  | Blown up by Boris

Vault maps used:
D:1:      minmay_arrival_checkered_box, minmay_misc_feat_more_columns,
          minivault_4
D:2:      minmay_tromino_v2
D:3:      chequers_ecumenical_altar_simple, minivault_14
D:4:      grunt_temple_overflow_open, minmay_temple_entry_junction_2,
          uniq_natasha
D:5:      first_bread, serial_shops, shop, kb_lookout_dungeons_type
D:6:      nicolae_for_you_no_charge, uniq_crazy_yiuf_cottage, uniq_blork_the_orc
D:7:      basic_altar, kennysheep_small_circle
D:8:      serial_shops, shop, hangedman_little_slice_of_home
D:9:      minmay_goldmine, orc_0_dummy
D:10:     trog_book, uniq_gastronok, uniq_joseph, uniq_harold, uniq_nergalle
D:11:     david_lair_generic, serial_shops, kennysheep_little_box
D:12:     lab_entry_generic, lemuel_statue_altar
D:13:     minmay_misc_feat_four_crosses
D:14:     david_vaults_1, corexii_corridor_pit, guppyfry_shop_blood
D:15:     hangedman_depths_entry_try_elsewhere_first,
          minmay_misc_feat_nine_boxes
Lair:1:   cheibrodos_lair_caveside_slide, grunt_megastairs_5
Lair:2:   nicolae_spider_entry_orb_guardian, kennysheep_rathole, uniq_urug
Lair:3:   uniq_sonja
Lair:4:   minmay_swamp_entry_eels, lemuel_fruit_fields
Lair:5:   slime_altar_1, grunt_megastairs_1, wad_woods_river_01
Lair:6:   evilmike_catoblepas_cave, nicolae_volcano_entry_vermiform
Swamp:1:  hangedman_swamp_cone, hangedman_swamp_wriggling,
          infiniplex_staircase_pool_2
Swamp:2:  evilmike_swamp_ruin_house_5
Swamp:3:  evilmike_swamp_ruin_house_6, swamp_pool2
Swamp:4:  swamp_icy
Spider:2: cheibrodos_forgotten_conduit, nicolae_spider_cling_ruins
Spider:4: johnstein_spider_rune_arachne_lair, uniq_arachne
Orc:1:    uniq_fannar
Orc:2:    st_orc_elflike, serial_shops, shop, david_defended_altar_orc
Elf:1:    elf_arrival_001, minmay_elf_necromancy, minmay_crystal_room,
          moated_statue, minmay_shoptagon
Elf:2:    minivault_5
Elf:3:    minmay_elf_hall_statues, nicolae_elf_big_sculpture_1, spider_trap,
          nicolae_rare_books
Vaults:1: v_alt_pattern_6, hangedman_vaults_capsules, hangedman_vaults_pinch,
          grunt_vaults_swirl, ontoclasm_vaults_ring_square,
          nicolae_vaults_network_star, nicolae_vaults_little_squares_6,
          st_lines, vaults_room_hallway, vaults_mumra_hex,
          nicolae_vaults_little_squares_1, infiniplex_enter_wizlab_glasses
Vaults:2: hangedman_vaults_hat, v_misc_24, v_misc_14, v_alt_pattern_1, v_misc_8,
          v_misc_18, nicolae_vaults_circle_grid_b, vaults_room_door_ring,
          vaults_room_corners, vaults_dpeg_encased_lava, uniq_sojobo
Vaults:3: blue_anna_dwarven_crypt, v_misc_30, ontoclasm_vaults_misaligned,
          vaults_room_corners, v_misc_23, v_rooms_1, special_room_vaults,
          nicolae_vaults_yaktaur_gun_rack, vaults_mumra_chevron_long,
          v_alt_pattern_4, v_pattern_1, hangedman_vaults_corner_blocks,
          vaults_room_grunt_arrival_ludios, vaults_room_semicircle
Vaults:4: nicolae_vaults_alarming, ontoclasm_vaults_gallery,
          grunt_vaults_trifunnel, v_misc_3, vaults_mumra_minichess, v_misc_28,
          hangedman_vaults_trim, ontoclasm_vaults_idyll
Crypt:1:  uniq_mara, uniq_jorgrun, uniq_boris
Lab:      nicolae_lab_dead_adventurers, nicolae_lab_blocks, nicolae_lab_plus,
          nicolae_lab_x, lab_block, nicolae_lab_hexagon, lab_fountain,
          labyrinth_skeletal_remains, nicolae_lab_stuck
Volcano:  pf_volcano_lost_world
WizLab:   wizlab_zonguldrok

Skill      XL: |  1  2  3  4  5  6  7  8  9 10 11 12 13 14 15 16 17 18 19 20 |
---------------+-------------------------------------------------------------+-----
Unarmed Combat | 4 5 6 8 10 12 13 15 16 18 | 18.0
Fighting       | 6 7 11 12 14 15 17 | 17.8
Armour         | 5 7 8 |  8.2
Shields        | 1 2 5 |  5.8
Evocations     | 2 9 |  9.0
Earth Magic    | 4 8 10 12 13 | 13.2
Transmutations | 4 8 10 12 13 | 13.1
Spellcasting   | 4 5 7 |  7.0
Necromancy     | 4 |  4.2
Charms         | 4 |  4.0
Translocations | 4 5 |  5.3
Dodging        | |  2.1
Stealth        | |  1.1

Action                   |  1- 3 |  4- 6 |  7- 9 | 10-12 | 13-15 | 16-18 | 19-21 || total
-------------------------+-------+-------+-------+-------+-------+-------+-------++-------
Melee: Unarmed           |   135 |   203 |   260 |   600 |  1207 |  1386 |   587 ||  4378
       Kick              |    26 |    54 |    73 |   218 |   477 |   554 |   205 ||  1607
       Punch             |       |     5 |    10 |    39 |    99 |    96 |       ||   249
       Bite              |       |       |     8 |    24 |   182 |   101 |    11 ||   326
       Pseudopods        |       |       |       |    94 |   118 |   287 |   129 ||   628
       Headbutt          |       |       |       |       |    18 |       |       ||    18
       Peck              |       |       |       |       |       |       |    16 ||    16
 Cast: Statue Form       |       |       |       |       |       |     9 |    36 ||    45
       Regeneration      |       |       |       |       |       |       |    19 ||    19
       Shroud of Golubri |       |       |       |       |       |       |    10 ||    10
Invok: Request Jelly     |       |       |     1 |       |       |       |       ||     1
       Slimify           |       |       |     5 |    12 |    33 |    20 |     1 ||    71
       Cure Bad Mutation |       |       |     1 |       |       |       |     2 ||     3
 Abil: End Transformatio |       |       |       |       |       |     1 |     2 ||     3
Evoke: Wand              |       |       |       |     9 |    10 |    24 |     1 ||    44
       Lamp of fire      |       |       |       |       |     2 |     2 |     2 ||     6
       Lightning rod     |       |       |       |       |       |     4 |     4 ||     8
       Phial of floods   |       |       |       |       |       |     1 |     1 ||     2
  Use: Scroll            |     4 |     8 |     4 |     3 |    11 |    12 |     3 ||    45
       Potion            |       |     2 |     1 |     7 |       |     6 |     3 ||    19
 Stab: Confused          |       |       |     1 |       |     8 |     9 |       ||    18
       Distracted        |       |       |     1 |       |     1 |       |       ||     2
       Paralysed         |       |       |       |     3 |     3 |    16 |       ||    22
       Petrifying        |       |       |       |       |     1 |       |       ||     1
       Sleeping          |       |       |       |       |       |       |     1 ||     1
  Eat: Chunk             |     1 |     5 |       |       |     2 |       |       ||     8
       Bread ration      |       |       |       |       |     1 |       |       ||     1
Armor: Leather armour    |    24 |       |       |       |       |       |       ||    24
       Robe              |     2 |       |       |       |       |     2 |    10 ||    14
       Scale mail        |    19 |    62 |   111 |   266 |   494 |   778 |       ||  1730
       Skin              |       |       |       |    97 |       |    65 |   385 ||   547
Dodge: Dodged            |    48 |    60 |    72 |   169 |   356 |   453 |   214 ||  1372
Block: Other             |       |       |       |    29 |   154 |   115 |       ||   298
       Buckler           |       |       |       |       |       |   196 |   361 ||   557
       Reflection        |       |       |       |       |       |       |     7 ||     7

Table legend:
 A = Spawn XP
 B = Non-spawn XP
 C = Spawn XP percentage of total XP
 D = Spawn monster count
 E = Non-spawn monster count
 F = Spawn count percentage of total count
 G = Total turns spent on level
                    A         B        C        D         E        F      G
               +---------+---------+-------+---------+---------+-------+---------
         Total |   49718 |  496614 |   9.1 |     154 |    1249 |  11.0 | 41584
               +---------+---------+-------+---------+---------+-------+---------
           D:1 |      10 |      52 |  16.1 |       6 |      25 |  19.4 |  1842
           D:2 |       6 |      62 |   8.8 |       4 |      20 |  16.7 |   484
           D:3 |       4 |      95 |   4.0 |       2 |      20 |   9.1 |  1038
           D:4 |      26 |     215 |  10.8 |       2 |       9 |  18.2 |   661
           D:5 |       1 |     650 |   0.2 |       1 |      15 |   6.2 |  1403
           D:6 |      88 |     274 |  24.3 |       1 |       6 |  14.3 |   738
           D:7 |     142 |     623 |  18.6 |       3 |      12 |  20.0 |   972
           D:8 |       0 |     420 |   0.0 |       0 |      10 |   0.0 |   603
           D:9 |     375 |    3560 |   9.5 |       5 |      41 |  10.9 |   971
          D:10 |      29 |    5950 |   0.5 |       3 |      21 |  12.5 |   931
          D:11 |     108 |    3598 |   2.9 |       1 |      26 |   3.7 |  1250
          D:12 |      43 |    4573 |   0.9 |       1 |      25 |   3.8 |   682
          D:13 |     191 |    4463 |   4.1 |       4 |      35 |  10.3 |   726
          D:14 |      32 |    7768 |   0.4 |       1 |      24 |   4.0 |   755
          D:15 |    1017 |   14523 |   6.5 |       4 |      30 |  11.8 |  1087
        Lair:1 |     969 |    3252 |  23.0 |       5 |      14 |  26.3 |  1186
        Lair:2 |    1950 |    8369 |  18.9 |       4 |      38 |   9.5 |  1457
        Lair:3 |     203 |    3421 |   5.6 |       2 |      34 |   5.6 |  1433
        Lair:4 |    5327 |    2843 |  65.2 |      11 |      13 |  45.8 |  1517
        Lair:5 |    1858 |    2269 |  45.0 |       4 |      13 |  23.5 |  1018
        Lair:6 |       0 |    9754 |   0.0 |       0 |      34 |   0.0 |   859
       Swamp:1 |       0 |    5866 |   0.0 |       0 |      24 |   0.0 |   721
       Swamp:2 |    3326 |    4416 |  43.0 |       7 |      17 |  29.2 |   741
       Swamp:3 |    1855 |   11678 |  13.7 |       3 |      16 |  15.8 |   846
       Swamp:4 |    2951 |   16199 |  15.4 |       4 |      59 |   6.3 |  1460
      Spider:1 |    1218 |    7672 |  13.7 |       6 |      17 |  26.1 |   393
      Spider:2 |    5962 |   14339 |  29.4 |      11 |      39 |  22.0 |  1231
      Spider:3 |    1066 |   12258 |   8.0 |       3 |      33 |   8.3 |   842
      Spider:4 |     288 |   30417 |   0.9 |       1 |      62 |   1.6 |  1045
       Slime:5 |       0 |     193 |   0.0 |       0 |       1 |   0.0 |   161
         Orc:1 |       0 |     962 |   0.0 |       0 |      10 |   0.0 |   396
         Orc:2 |    1812 |    5877 |  23.6 |      15 |      35 |  30.0 |  1109
         Elf:1 |     615 |   20253 |   2.9 |       1 |      39 |   2.5 |  1443
         Elf:2 |    1491 |   10745 |  12.2 |       2 |      17 |  10.5 |   947
         Elf:3 |    1820 |   35400 |   4.9 |       3 |      35 |   7.9 |  1668
      Vaults:1 |    7702 |   68059 |  10.2 |      12 |      90 |  11.8 |  1349
      Vaults:2 |    4035 |   20314 |  16.6 |      13 |      34 |  27.7 |  1307
      Vaults:3 |    2326 |   63638 |   3.5 |       8 |      89 |   8.2 |  1583
      Vaults:4 |     872 |   46818 |   1.8 |       1 |      62 |   1.6 |  1060
       Crypt:1 |       0 |   13222 |   0.0 |       0 |      30 |   0.0 |   171
           Lab |       0 |    2910 |   0.0 |       0 |      10 |   0.0 |   285
       Volcano |       0 |    6912 |   0.0 |       0 |      26 |   0.0 |   232
        WizLab |       0 |   21732 |   0.0 |       0 |      39 |   0.0 |   868
               +---------+---------+-------+---------+---------+-------+---------

Vault maps used:
D:1:      minmay_arrival_checkered_box, minmay_misc_feat_more_columns,
          minivault_4
D:2:      minmay_tromino_v2
D:3:      chequers_ecumenical_altar_simple, minivault_14
D:4:      grunt_temple_overflow_open, minmay_temple_entry_junction_2,
          uniq_natasha
D:5:      first_bread, serial_shops, shop, kb_lookout_dungeons_type
D:6:      nicolae_for_you_no_charge, uniq_crazy_yiuf_cottage, uniq_blork_the_orc
D:7:      basic_altar, kennysheep_small_circle
D:8:      serial_shops, shop, hangedman_little_slice_of_home
D:9:      minmay_goldmine, orc_0_dummy
D:10:     trog_book, uniq_gastronok, uniq_joseph, uniq_harold, uniq_nergalle
D:11:     david_lair_generic, serial_shops, kennysheep_little_box
D:12:     lab_entry_generic, lemuel_statue_altar
D:13:     minmay_misc_feat_four_crosses
D:14:     david_vaults_1, corexii_corridor_pit, guppyfry_shop_blood
D:15:     hangedman_depths_entry_try_elsewhere_first,
          minmay_misc_feat_nine_boxes
Lair:1:   cheibrodos_lair_caveside_slide, grunt_megastairs_5
Lair:2:   nicolae_spider_entry_orb_guardian, kennysheep_rathole, uniq_urug
Lair:3:   uniq_sonja
Lair:4:   minmay_swamp_entry_eels, lemuel_fruit_fields
Lair:5:   slime_altar_1, grunt_megastairs_1, wad_woods_river_01
Lair:6:   evilmike_catoblepas_cave, nicolae_volcano_entry_vermiform
Swamp:1:  hangedman_swamp_cone, hangedman_swamp_wriggling,
          infiniplex_staircase_pool_2
Swamp:2:  evilmike_swamp_ruin_house_5
Swamp:3:  evilmike_swamp_ruin_house_6, swamp_pool2
Swamp:4:  swamp_icy
Spider:2: cheibrodos_forgotten_conduit, nicolae_spider_cling_ruins
Spider:4: johnstein_spider_rune_arachne_lair, uniq_arachne
Orc:1:    uniq_fannar
Orc:2:    st_orc_elflike, serial_shops, shop, david_defended_altar_orc
Elf:1:    elf_arrival_001, minmay_elf_necromancy, minmay_crystal_room,
          moated_statue, minmay_shoptagon
Elf:2:    minivault_5
Elf:3:    minmay_elf_hall_statues, nicolae_elf_big_sculpture_1, spider_trap,
          nicolae_rare_books
Vaults:1: v_alt_pattern_6, hangedman_vaults_capsules, hangedman_vaults_pinch,
          grunt_vaults_swirl, ontoclasm_vaults_ring_square,
          nicolae_vaults_network_star, nicolae_vaults_little_squares_6,
          st_lines, vaults_room_hallway, vaults_mumra_hex,
          nicolae_vaults_little_squares_1, infiniplex_enter_wizlab_glasses
Vaults:2: hangedman_vaults_hat, v_misc_24, v_misc_14, v_alt_pattern_1, v_misc_8,
          v_misc_18, nicolae_vaults_circle_grid_b, vaults_room_door_ring,
          vaults_room_corners, vaults_dpeg_encased_lava, uniq_sojobo
Vaults:3: blue_anna_dwarven_crypt, v_misc_30, ontoclasm_vaults_misaligned,
          vaults_room_corners, v_misc_23, v_rooms_1, special_room_vaults,
          nicolae_vaults_yaktaur_gun_rack, vaults_mumra_chevron_long,
          v_alt_pattern_4, v_pattern_1, hangedman_vaults_corner_blocks,
          vaults_room_grunt_arrival_ludios, vaults_room_semicircle
Vaults:4: nicolae_vaults_alarming, ontoclasm_vaults_gallery,
          grunt_vaults_trifunnel, v_misc_3, vaults_mumra_minichess, v_misc_28,
          hangedman_vaults_trim, ontoclasm_vaults_idyll
Crypt:1:  uniq_mara, uniq_jorgrun, uniq_boris
Lab:      nicolae_lab_dead_adventurers, nicolae_lab_blocks, nicolae_lab_plus,
          nicolae_lab_x, lab_block, nicolae_lab_hexagon, lab_fountain,
          labyrinth_skeletal_remains, nicolae_lab_stuck
Volcano:  pf_volcano_lost_world
WizLab:   wizlab_zonguldrok

Table legend:
 A = Turns spent in this place as a percentage of turns spent in the entire game.
 B = Non-inter-level travel turns spent in this place as a percentage of non-inter-level travel turns spent in the entire game.
 C = Inter-level travel turns spent in this place as a percentage of turns spent in this place.
 D = Turns resting spent in this place as a percentage of non-inter-level travel turns spent in this place.
 E = Turns spent auto-exploring this place as a percentage of non-inter-level travel turns spent in this place.
 F = Non-inter-level travel turns spent in this place divided by the number of levels of this place that you've seen.
                   A       B       C       D       E      F
               +-------+-------+-------+-------+-------+----------------------
         Total | 100.0 | 100.0 |   6.9 |  17.9 |  47.6 | 824.1
       Dungeon |  34.0 |  33.6 |   7.9 |  16.0 |  57.9 | 868.7
          Lair |  18.0 |  18.1 |   6.3 |  23.7 |  50.6 | 1166.3
         Swamp |   9.1 |   9.3 |   4.2 |  18.5 |  47.5 | 902.8
   Spider Nest |   8.4 |   8.6 |   4.8 |  24.6 |  24.2 | 835.8
    Slime Pits |   0.7 |   0.6 |  21.2 |   0.0 |   0.0 |  43.2
  Orcish Mines |   3.6 |   3.1 |  19.1 |   0.0 |  60.4 | 609.0
   Elven Halls |   9.8 |   9.6 |   8.2 |  16.4 |  38.1 | 1242.3
        Vaults |  12.7 |  13.0 |   5.0 |  12.1 |  52.2 | 1258.2
         Crypt |   0.4 |   0.4 |   0.0 |   0.0 |  22.2 | 171.0
     Labyrinth |   0.7 |   0.7 |   0.0 |  13.3 |   0.0 | 285.0
       Volcano |   0.6 |   0.6 |   0.0 |   0.0 |   2.6 | 232.0
        Wizlab |   2.1 |   2.2 |   0.0 |  50.8 |   0.0 | 868.0
               +-------+-------+-------+-------+-------+----------------------

Table legend:
 A = Kills in this place as a percentage of kills in entire the game.
 B = Kills by you in this place as a percentage of kills by you in the entire game.
 C = Kills by friends in this place as a percentage of kills by friends in the entire game.
 D = Other kills in this place as a percentage of other kills in the entire game.
 E = Experience gained in this place as a percentage of experience gained in the entire game.
 F = Experience gained in this place divided by the number of levels of this place that you have seen.
                   A       B       C       D       E      F
               +-------+-------+-------+-------+-------+----------------------
         Total | 100.0 | 100.0 |   N/A | 100.0 | 100.0 | 11624.1
       Dungeon |  25.4 |  25.6 |   N/A |  13.6 |   9.0 | 3259.9
          Lair |  12.3 |  12.0 |   N/A |  27.3 |   7.4 | 6702.5
         Swamp |   9.3 |   9.4 |   N/A |   0.0 |   8.5 | 11572.8
   Spider Nest |  12.3 |  12.2 |   N/A |  13.6 |  13.4 | 18305.0
    Slime Pits |   0.1 |   0.0 |   N/A |   4.5 |   0.0 |  38.6
  Orcish Mines |   4.3 |   4.3 |   N/A |   0.0 |   1.6 | 4325.5
   Elven Halls |   6.9 |   6.6 |   N/A |  27.3 |  12.9 | 23441.3
        Vaults |  22.0 |  22.3 |   N/A |   4.5 |  39.1 | 53441.0
         Crypt |   2.1 |   2.2 |   N/A |   0.0 |   2.4 | 13222.0
     Labyrinth |   0.7 |   0.7 |   N/A |   0.0 |   0.5 | 2910.0
       Volcano |   1.9 |   1.7 |   N/A |   9.1 |   1.3 | 6912.0
        Wizlab |   2.8 |   2.8 |   N/A |   0.0 |   4.0 | 21732.0
               +-------+-------+-------+-------+-------+----------------------
